 Dungeon Crawl Stone Soup version 0.31-a0-557-g6e16503903 (webtiles) character file.

Game seed: 5524777158995816508

3698 SoEpicPie the Slicer (level 9, 0/75 HPs)
             Began as a Grey Draconian Brigand on Aug 15, 2023.
             Was an Elder of Elyvilon.
             Slain by a killer bee (2 damage)
             ... on level 8 of the Dungeon on Aug 16, 2023.
             The game lasted 00:27:41 (8034 turns).

SoEpicPie the Slicer (Grey Draconian Brigand)       Turns: 8034, Time: 00:27:41

Health: 0/75       AC: 18    Str: 20    XL:     9   Next: 91%
Magic:  9/9        EV: 17    Int: 17    God:    Elyvilon [****..]
Gold:   342        SH:  0    Dex: 20    Spells: 8/8 levels left

rFire   + . .        y - +11 dagger "Impslayer" {flame, Str+5 Int+4}
rCold   + . .        (no shield)
rNeg    . . .        (body armour unavailable)
rPois   +            (helmet restricted)
rElec   +            b - +2 cloak
rCorr   +            B - +2 pair of gloves {Stlth+}
SInv    +            (no boots)
Will    .....        (no amulet)
Stlth   +++++        h - ring of see invisible
HPRegen 0.32/turn    F - +6 ring of dexterity
MPRegen 0.11/turn

%: no passive effects
@: brilliant, lethally poisoned (0 -> -3), resistant (expiring)
A: AC +12, amphibious, unfitting armour, cold-blooded, subdued magic 1
a: Renounce Religion, Purification, Heal Other, Heal Self


You were on level 8 of the Dungeon.
You worshipped Elyvilon.
Elyvilon was greatly pleased with you.
You visited 1 branch of the dungeon, and saw 8 of its levels.
You also visited: Sewer.

You collected 342 gold pieces.

Inventory:

Hand Weapons
 a - a +2 dagger
 m - a +0 dagger of venom
 r - a +5 dagger of electrocution
 y - the +11 dagger "Impslayer" (weapon) {flame, Str+5 Int+4}
   (You took it off a kobold on level 6 of the Dungeon)

   Str+5:     It affects your strength (+5).
   Int+4:     It affects your intelligence (+4).
Missiles
 c - 20 poisoned darts
 d - 4 curare-tipped darts
Armour
 b - a +2 cloak (worn)
 t - the +3 scale mail "Imeon" {Harm rF+ Slay-2}
   (You found it on level 3 of the Dungeon)

   Slay-2:    It affects your accuracy & damage with ranged weapons and melee
   (-2).
   rF+:       It protects you from fire.
   Harm:      It increases damage dealt and taken.
 u - a +0 helmet
 B - a +2 pair of gloves of stealth (worn)
 G - the +0 ring mail "Azxof" {Str+5 Dex+3}
   (You found it on level 7 of the Dungeon)

   Str+5:     It affects your strength (+5).
   Dex+3:     It affects your dexterity (+3).
Magical Staves
 x - a staff of air
Jewellery
 e - a ring of fire
 h - a ring of see invisible (left hand)
 F - a +6 ring of dexterity (right hand)
Talismans
 w - a dragon-blood talisman
 J - a blade talisman
Wands
 f - a wand of light (4)
 o - a wand of digging (6)
 H - a wand of polymorph (11)
Scrolls
 l - a scroll of identify
 p - 3 scrolls of teleportation
 q - a scroll of fear {unknown}
 s - a scroll of immolation {unknown}
 v - a scroll of brand weapon {unknown}
 C - 4 scrolls of blinking
 D - a scroll of noise {unknown}
 E - a scroll of poison {unknown}
 I - a scroll of vulnerability {unknown}
Potions
 k - 2 potions of might {unknown}
 n - a potion of lignification {unknown}
 z - 2 potions of attraction
 A - a potion of berserk rage {unknown}


   Skills:
 + Level 6.1 Fighting
 + Level 8.7 Short Blades
 + Level 2.2 Throwing
 + Level 7.1 Dodging
 + Level 7.4 Stealth


You had 8 spell levels left.
You didn't know any spells.
Your spell library contained the following spells:

 Spells                   Type           Power      Damage    Failure   Level
 Freeze                   Ice            0%         1d3       21%         1
 Ensorcelled Hibernation  Hex/Ice        0%         N/A       30%         2
 Passwall                 Tmut/Erth      0%         N/A       30%         2
 Searing Ray              Conj           0%         2d4       30%         2
 Frozen Ramparts          Ice            0%         1d1       52%         3
 Hailstorm                Conj/Ice       0%         3d3       52%         3
 Stone Arrow              Conj/Erth      0%         3d7       52%         3
 Swiftness                Air            0%         N/A       52%         3
 Animate Dead             Necr           0%         N/A       91%         4
 Fulminant Prism          Conj/Hex       0%         3d5       91%         4
 Petrify                  Tmut/Erth      0%         N/A       91%         4
 Borgnjor's Vile Clutch   Necr/Erth      0%         N/A       99%         5
 Metabolic Englaciation   Hex/Ice        0%         N/A       99%         5
 Death Channel            Necr           0%         N/A       100%        6


Dungeon Overview and Level Annotations

Branches:
Dungeon (8/15)             Temple (0/1) D:6            Lair (0/5) D:8
  Sewer (visited)

Altars:
Cheibriados
Elyvilon
Hepliaklqana
Okawaru
Yredelemnul
The Shining One


Innate Abilities, Weirdness & Mutations

Your dull iron-grey scales are very hard. (AC +12)
You are amphibious.
You cannot fit into any form of body armour.
You are cold-blooded and may be slowed by cold attacks.
Your spells are a little easier to cast, but a little less powerful.


Message History

The killer bee closely misses you.
You feel sick. The killer bee barely misses you.
The killer bee stings you but does no damage.
The killer bee closely misses you. The killer bee misses you.
You see here a killer bee corpse.
You hit the killer bee. You burn the killer bee.
The killer bee is moderately wounded.
You feel sick. The killer bee barely misses you. x2
You puncture the killer bee! You burn the killer bee.
The killer bee is severely wounded.
The killer bee closely misses you. The killer bee misses you.
You closely miss the killer bee.
The killer bee is severely wounded.
You feel sick. The killer bee stings you.
* * * LOW HITPOINT WARNING * * *
The killer bee barely misses you.
You closely miss the killer bee.
The killer bee is severely wounded.
You feel sick.
You are no longer poisoned.
The killer bee completely misses you. The killer bee closely misses you.
You hit the killer bee. You burn the killer bee.
You kill the killer bee!
The killer bee stings you.
* * * LOW HITPOINT WARNING * * *
You are lethally poisoned!
The killer bee poisons you!
It was a potion of brilliance.
You feel clever all of a sudden.
You start to feel less resistant.
* * * LOW HITPOINT WARNING * * *
You feel sick. The killer bee closely misses you. x2
Elyvilon protects you from harm! The killer bee misses you.
The killer bee stings you but does no damage.
You see here a killer bee corpse.
You puncture the killer bee! You burn the killer bee.
Your tail-slap misses the killer bee.
The killer bee is almost dead.
The killer bee stings you.
You die...

♣#..........................
##..........................
##...........................
.....................<.^....#
............................#
#..###+#####.....##.......g..
#..###...###.................
.........#....P../...........
.........#:.....@†.........g.
.........#.....)y)...........
...##....†......†...........g
...##..††...P.##)#.)P....
#####..††..P.P#$.#...P...
#..........#>.#..PJ...
#.......P.P####....P..
#?.....P.........P....
#######...............


You could see a jelly and a killer bee.

Vanquished Creatures
  A troll (D:6)
  Grinder (D:6)
  Prince Ribbit (D:5)
  A steam dragon (D:8)
  2 water moccasins (D:7)
  Pargi (Sewer)
  2 orc warriors
  2 sky beasts (D:7)
  2 black bears (D:8)
  3 ogres
  2 kobold brigands
  3 bullfrogs
  5 scorpions
  7 killer bees (D:8)
  A howler monkey (D:8)
  A jelly (D:4)
  2 gnoll boudas
  3 orc priests
  2 hounds (D:5)
  An iron imp (D:6)
  2 sleepcaps (D:6)
  4 orc wizards
  4 iguanas (D:6)
  12 adders
  9 gnolls
  2 shadow imps
  5 white imps
  An ufetubus (D:6)
  2 worms
  A dart slug (D:4)
  20 orcs
  A bat (D:2)
  5 endoplasms
  13 giant cockroaches
  10 goblins
  5 hobgoblins
  9 jackals
  12 kobolds
  2 quokkas
  8 ball pythons
  2 frilled lizards
  7 rats
179 creatures vanquished.

Notes
Turn   | Place    | Note
-------+----------+-------------------------------------------
     0 | D:1      | SoEpicPie the Draconian Brigand began the quest for the
                  | Orb.
     0 | D:1      | Reached XP level 1. HP: 17/17 MP: 1/1
   225 | D:1      | Reached XP level 2. HP: 16/25 MP: 2/2
   289 | D:2      | Reached skill level 1 in Dodging
   555 | D:2      | Reached XP level 3. HP: 7/30 MP: 3/3
  1671 | D:3      | Identified the +3 scale mail "Imeon" {Harm rF+ Slay-2}
  1816 | D:3      | Reached XP level 4. HP: 36/37 MP: 4/4
  1859 | D:3      | Found a white marble altar of Elyvilon.
  1867 | D:3      | Became a worshipper of Elyvilon the Healer
  2061 | D:3      | Reached skill level 3 in Short Blades
  2473 | D:3      | Found a hazy altar of Hepliaklqana.
  2519 | D:3      | Gained mutation: Your spells are a little easier to cast,
                  | but a little less powerful. [potion of mutation]
  2712 | D:3      | Reached XP level 5. HP: 44/45 MP: 5/5
  3130 | D:4      | Found a glowing drain.
  3212 | Sewer    | Entered a sewer
  3212 | Sewer    | Reached * piety under Elyvilon
  3246 | Sewer    | Noticed Pargi
  3251 | Sewer    | Killed Pargi
  3579 | D:4      | Reached XP level 6. HP: 4/51 MP: 6/6
  3953 | D:4      | Found a glowing golden altar of the Shining One.
  4174 | D:4      | Reached ** piety under Elyvilon
  4379 | D:4      | Reached skill level 5 in Stealth
  4638 | D:5      | Entered Level 5 of the Dungeon
  4641 | D:5      | Found a basalt altar of Yredelemnul.
  4647 | D:5      | Reached skill level 4 in Short Blades
  4851 | D:5      | Found an iron altar of Okawaru.
  4961 | D:5      | Your scales start taking on a dull iron-grey colour.
  4961 | D:5      | Reached XP level 7. HP: 46/57 MP: 7/7
  5201 | D:5      | Noticed Prince Ribbit
  5219 | D:5      | Killed Prince Ribbit
  5220 | D:5      | Reached skill level 5 in Short Blades
  5666 | D:5      | Reached *** piety under Elyvilon
  5682 | D:5      | Reached XP level 8. HP: 52/66 MP: 8/8
  6151 | D:6      | Got the Quarto of Momentum
  6182 | D:6      | Upgraded the game from 0.31-a0-544-gceb718ecc6 to
                  | 0.31-a0-557-g6e16503903
  6232 | D:6      | Found a staircase to the Ecumenical Temple.
  6235 | D:6      | Noticed a troll
  6248 | D:6      | Killed a troll
  6249 | D:6      | Reached skill level 6 in Short Blades
  6249 | D:6      | Reached skill level 5 in Dodging
  6346 | D:6      | Noticed Grinder
  6359 | D:6      | Identified the +11 dagger "Impslayer" {flame, Str+5 Int+4}
  6360 | D:6      | Paralysed by Grinder for 4 turns
  6371 | D:6      | Killed Grinder
  6372 | D:6      | Reached skill level 5 in Fighting
  6902 | D:6      | Found a snail-covered altar of Cheibriados.
  7062 | D:7      | Reached skill level 7 in Short Blades
  7062 | D:7      | Reached XP level 9. HP: 73/74 MP: 9/9
  7069 | D:7      | Reached **** piety under Elyvilon
  7233 | D:7      | Identified the +0 ring mail "Azxof" {Str+5 Dex+3}
  7827 | D:8      | Reached skill level 8 in Short Blades
  7990 | D:8      | Found a staircase to the Lair.
  8032 | D:8      | HP: 2/75 [poisoned by a killer bee]
  8033 | D:8      | Elyvilon protects you from harm!
  8034 | D:8      | Slain by a killer bee

Illustrated notes

Levels and vault maps discovered:
D:1:      amcnicky_arrival_wind_blow, layout_basic
D:2:      layout_basic, st_stairs_1
D:3:      minmay_octagon_keep, layout_loops_corners,
          nicolae_overflow_crystal_walls, elyvilon_altar_4,
          minmay_misc_feat_doors
D:4:      layout_cave_pods, mainiacjoe_overflow_cross_hatched,
          gup_sewer_entry_glass, chequers_arboretum, minmay_misc_feat_pillars,
          hangedman_decor_slide_cut, hangedman_decor_diamond_cutter
D:5:      layout_loops_ring, okawaru_ov_weapons_minmay,
          mainiacjoe_overflow_catwalk, saegor_snake_ambush, uniq_prince_ribbit1
D:6:      layout_rooms, slow_altar_2, minmay_temple_entry_statues_fountains,
          uniq_grinder
D:7:      layout_cave_pools
D:8:      cheibrodos_iron_armory, layout_gridville,
          grunt_lair_entry_orc_guard_hut

Skill      XL: |  1  2  3  4  5  6  7  8  9 |
---------------+----------------------------+-----
Dodging        | 1 2 3 4 5 7 |  7.1
Stealth        | 4 5 6 7 |  7.4
Throwing       | 2 |  2.2
Short Blades   | 3 4 5 7 8 |  8.7
Fighting       | 3 4 5 6 |  6.1

Action                     |  1- 3 |  4- 6 |  7- 9 || total
---------------------------+-------+-------+-------++-------
  Melee: Dagger            |   126 |   272 |   335 ||   733
         Tailslap          |    15 |    57 |    47 ||   119
         Punch             |     4 |     5 |     6 ||    15
  Throw: Dart              |    10 |       |       ||    10
    Use: Potion            |       |     6 |     3 ||     9
         Scroll            |       |       |    11 ||    11
   Stab: Sleeping          |     4 |     5 |     5 ||    14
         Invisible         |       |     1 |       ||     1
 Armour: Skin              |    73 |    57 |   169 ||   299
  Dodge: Dodged            |   106 |   102 |   294 ||   502
         Form:             |       |     1 |       ||     1
         Dragon            |       |     1 |       ||     1

Table legend: (Time is in decaauts)
 A = Elapsed time spent in this place.
 B = Non-inter-level travel time spent in this place.
 C = Inter-level travel time spent in this place.
 D = Time resting spent in this place.
 E = Time spent auto-exploring this place.
 F = Levels seen in this place.
 G = Mean time per level.
                   A        B        C        D        E       F      G
               +--------+--------+--------+--------+--------+-----+--------+
         Total |   7868 |   7861 |      7 |    942 |   3201 |   9 |  874.2 |
       Dungeon |   7679 |   7672 |      7 |    942 |   3201 |   8 |  959.9 |
         Sewer |    189 |    189 |      0 |      0 |      0 |   1 |  189.0 |
               +--------+--------+--------+--------+--------+-----+--------+

Top non-repeatable levels by time:
     D:3: 1640 daAuts
     D:4: 1304 daAuts
     D:5: 1277 daAuts
     D:2: 1179 daAuts
     D:6: 1029 daAuts
     D:7: 691 daAuts
     D:8: 281 daAuts
     D:1: 274 daAuts
   Sewer: 189 daAuts
